SAAA
BAGLEY LOONS @ NAPERVILLE BATTLEKINGS
09/24/2019
 
TOP OF THE 1ST
Bagley Loons batting - Pitching for Naperville Battlekings : RHP Jim Unknown
Pitching: RHP Jim Unknown
Batting: RHB Javier Díaz 0-0: Swinging Strike
0-1: Ball
1-1: Foul Ball, location: 2F
1-2: Strikes out swinging
Batting: RHB Adam Hennessey 0-0: Called Strike
0-1: Swinging Strike
0-2: Ball
1-2: Strikes out swinging
Batting: RHB Karl Schultz 0-0: Ball
1-0: Called Strike
1-1: SINGLE (Groundball, 6MD)
Batting: RHB Nick Simmons 0-0: Called Strike
Karl Schultz is caught stealing 2nd base
Top of the 1st over - 0 run(s), 1 hit(s), 0 error(s), 0 left on base; Bagley 0 - Naperville 0
BOTTOM OF THE 1ST
Naperville Battlekings batting - Pitching for Bagley Loons : LHP Tim Harris
Pitching: LHP Tim Harris
Batting: SHB Carlos Kramer 0-0: Called Strike
0-1: Foul Ball, location: 2F
0-2: Foul Ball, location: 2F
0-2: Strikes out swinging
Batting: RHB Wayne Bannatyne 0-0: Ball
1-0: Ground out 4-3 (Groundball, 34)
Batting: RHB Oliver Aranda 0-0: Foul Ball, location: 2F
0-1: Ball
1-1: Called Strike
1-2: Ball
2-2: Foul Ball, location: 2F
2-2: Strikes out swinging
Bottom of the 1st over - 0 run(s), 0 hit(s), 0 error(s), 0 left on base; Bagley 0 - Naperville 0
TOP OF THE 2ND
Bagley Loons batting - Pitching for Naperville Battlekings : RHP Jim Unknown
Batting: RHB Nick Simmons 0-0: Called Strike
0-1: Ball
1-1: Foul Ball, location: 2F
1-2: Ball
2-2: SOLO HOME RUN (Line Drive, 7D), Distance : 380 ft
Batting: RHB Todd Blake 0-0: Called Strike
0-1: Ball
1-1: Foul Ball, location: 2F
1-2: Ground out 6-3 (Groundball, 6)
Batting: RHB Bill Dennis 0-0: Called Strike
0-1: Foul Ball, location: 2F
0-2: Strikes out looking
Batting: RHB Allen Murphy 0-0: SINGLE (Line Drive, 89S)
Batting: RHB Jason Dunn 0-0: Foul Ball, location: 2F
0-1: Ground out 6-3 (Groundball, 6D)
Top of the 2nd over - 1 run(s), 2 hit(s), 0 error(s), 1 left on base; Bagley 1 - Naperville 0
BOTTOM OF THE 2ND
Naperville Battlekings batting - Pitching for Bagley Loons : LHP Tim Harris
Batting: LHB Cristo Ramírez 0-0: Ball
1-0: Foul Ball, location: 2F
1-1: Ball
2-1: Foul Ball, location: 2F
2-2: Foul Ball, location: 2F
2-2: Foul Ball, location: 2F
2-2: Foul Ball, location: 2F
2-2: Foul Ball, location: 2F
2-2: Strikes out swinging
Batting: RHB Carlos Gómez 0-0: Called Strike
0-1: Swinging Strike
0-2: Strikes out looking
Batting: RHB Joe Ferneyhough 0-0: Ball
1-0: SOLO HOME RUN (Flyball, 78XD), Distance : 420 ft
Batting: RHB Earnest Veeck 0-0: SINGLE (Groundball, 3D)
Batting: RHB Marcus Wade 0-0: Called Strike
0-1: Reached on error, E3 (Groundball, 3S)
Earnest Veeck to second
Batting: RHB Sal Haynes 0-0: Ball
1-0: Ball
2-0: Ball
3-0: Called Strike
3-1: DOUBLE (Groundball, 5L)
Earnest Veeck scores
Marcus Wade to third
Batting: SHB Carlos Kramer 0-0: Swinging Strike
0-1: Swinging Strike
0-2: Strikes out swinging
Bottom of the 2nd over - 2 run(s), 3 hit(s), 1 error(s), 2 left on base; Bagley 1 - Naperville 2
TOP OF THE 3RD
Bagley Loons batting - Pitching for Naperville Battlekings : RHP Jim Unknown
Batting: RHB Eddie O'Bryan 0-0: Foul Ball, location: 2F
0-1: Ball
1-1: Ball
2-1: SINGLE (Line Drive, 34D)
Batting: RHB Javier Díaz 0-0: Called Strike
0-1: Ball
1-1: SINGLE (Groundball, 56)
Eddie O'Bryan to second
Batting: RHB Adam Hennessey 0-0: Ball
1-0: Called Strike
1-1: Ball
2-1: Foul Ball, location: 2F
2-2: Ball
3-2: Foul Ball, location: 2F
3-2: Base on Balls
Eddie O'Bryan to third
Javier Díaz to second
Batting: RHB Karl Schultz 0-0: Swinging Strike
0-1: Ball
1-1: Ball
2-1: Fly out, F4 (Flyball, 4MD)
Batting: RHB Nick Simmons 0-0: Called Strike
0-1: Foul Ball, location: 2F
0-2: Ball
1-2: Foul Ball, location: 2F
1-2: Strikes out swinging
Batting: RHB Todd Blake 0-0: Ball
1-0: Ball
2-0: Ball
3-0: Base on Balls
Eddie O'Bryan scores
Javier Díaz to third
Adam Hennessey to second
Batting: RHB Bill Dennis 0-0: Called Strike
0-1: Ball
1-1: Foul Ball, location: 2F
1-2: Ball
2-2: Fly out, F9 (Flyball, 9LD)
Top of the 3rd over - 1 run(s), 2 hit(s), 0 error(s), 3 left on base; Bagley 2 - Naperville 2
BOTTOM OF THE 3RD
Naperville Battlekings batting - Pitching for Bagley Loons : LHP Tim Harris
Batting: RHB Wayne Bannatyne 0-0: Ball
1-0: Called Strike
1-1: Ground out 4-3 (Groundball, 4)
Batting: RHB Oliver Aranda 0-0: Called Strike
0-1: Called Strike
0-2: Strikes out swinging
Batting: LHB Cristo Ramírez 0-0: Ball
1-0: Called Strike
1-1: Ball
2-1: Ball
3-1: Base on Balls
Batting: RHB Carlos Gómez 0-0: Ball
1-0: Foul Ball, location: 2F
1-1: Ball
2-1: Swinging Strike
2-2: Strikes out swinging
Bottom of the 3rd over - 0 run(s), 0 hit(s), 0 error(s), 1 left on base; Bagley 2 - Naperville 2
TOP OF THE 4TH
Bagley Loons batting - Pitching for Naperville Battlekings : RHP Jim Unknown
Batting: RHB Allen Murphy 0-0: Ball
1-0: SOLO HOME RUN (Flyball, 7LD), Distance : 359 ft
Batting: RHB Jason Dunn 0-0: Called Strike
0-1: SINGLE (Line Drive, 56D)
Batting: RHB Eddie O'Bryan 0-0: Called Strike
0-1: Ball
Jason Dunn is caught stealing 2nd base
1-1: Foul Ball, location: 2F
1-2: Ground out 3-1 (Groundball, 23)
Batting: RHB Javier Díaz 0-0: Swinging Strike
0-1: Ball
1-1: Swinging Strike
1-2: Strikes out swinging
Top of the 4th over - 1 run(s), 2 hit(s), 0 error(s), 0 left on base; Bagley 3 - Naperville 2
BOTTOM OF THE 4TH
Naperville Battlekings batting - Pitching for Bagley Loons : LHP Tim Harris
Batting: RHB Joe Ferneyhough 0-0: Ball
1-0: Ball
2-0: Ball
3-0: Called Strike
3-1: Base on Balls
Batting: RHB Earnest Veeck 0-0: Foul Ball, location: 2F
0-1: Ground out 3-1 (Groundball, 34)
Joe Ferneyhough to second
Batting: RHB Marcus Wade 0-0: Ball
Wild Pitch!
Joe Ferneyhough to third
1-0: Ball
2-0: Called Strike
2-1: 2-RUN HOME RUN (Flyball, 9D), Distance : 364 ft
Batting: RHB Sal Haynes 0-0: Ball
1-0: Ground out 4-3 (Groundball, 4)
Batting: SHB Carlos Kramer 0-0: Called Strike
0-1: Ball
1-1: Foul Ball, location: 2F
1-2: SINGLE (Line Drive, 89S)
Batting: RHB Wayne Bannatyne 0-0: Ball
1-0: Ball
2-0: Foul Ball, location: 2F
2-1: Fielders Choice at 2nd, 4-6 (Groundball, 4MD)
Bottom of the 4th over - 2 run(s), 2 hit(s), 0 error(s), 0 left on base; Bagley 3 - Naperville 4
TOP OF THE 5TH
Bagley Loons batting - Pitching for Naperville Battlekings : RHP Jim Unknown
Batting: RHB Adam Hennessey 0-0: Ball
1-0: Swinging Strike
1-1: SINGLE (Line Drive, 6MD)
Batting: RHB Karl Schultz 0-0: Called Strike
0-1: Ball
1-1: Foul Ball, location: 2F
1-2: Foul Ball, location: 2F
1-2: Ball
2-2: Strikes out looking
Batting: RHB Nick Simmons 0-0: Foul Ball, location: 2F
0-1: Foul Ball, location: 2F
0-2: Foul Ball, location: 2F
0-2: Ball
1-2: Grounds into double play, 4-6-3 (Groundball, 4)
Top of the 5th over - 0 run(s), 1 hit(s), 0 error(s), 0 left on base; Bagley 3 - Naperville 4
BOTTOM OF THE 5TH
Naperville Battlekings batting - Pitching for Bagley Loons : LHP Tim Harris
Batting: RHB Oliver Aranda 0-0: Called Strike
0-1: Ground out 5-3 (Groundball, 5)
Batting: LHB Cristo Ramírez 0-0: Ball
1-0: SINGLE (Line Drive, 56)
Batting: RHB Carlos Gómez 0-0: Called Strike
0-1: Ball
1-1: Foul Ball, location: 2F
1-2: Ball
2-2: Fly out, F8 (Flyball, 89XD)
Batting: RHB Joe Ferneyhough 0-0: Called Strike
0-1: Ball
1-1: Ball
2-1: Ground out 4-3 (Groundball, 4)
Bottom of the 5th over - 0 run(s), 1 hit(s), 0 error(s), 1 left on base; Bagley 3 - Naperville 4
TOP OF THE 6TH
Bagley Loons batting - Pitching for Naperville Battlekings : RHP Jim Unknown
Batting: RHB Todd Blake 0-0: Ball
1-0: Fly out, F7 (Line Drive, 7M)
Batting: RHB Bill Dennis 0-0: Ball
1-0: Ball
2-0: Ball
3-0: Base on Balls
Batting: RHB Allen Murphy 0-0: Foul Ball, location: 2F
0-1: Ball
1-1: Called Strike
1-2: Foul Ball, location: 2F
1-2: Ball
2-2: Ball
3-2: Foul Ball, location: 2F
3-2: Strikes out looking
Batting: RHB Jason Dunn 0-0: Ball
1-0: Swinging Strike
1-1: Called Strike
1-2: Strikes out looking
Top of the 6th over - 0 run(s), 0 hit(s), 0 error(s), 1 left on base; Bagley 3 - Naperville 4
BOTTOM OF THE 6TH
Naperville Battlekings batting - Pitching for Bagley Loons : LHP Tim Harris
Batting: RHB Earnest Veeck 0-0: Ball
1-0: Ball
2-0: Called Strike
2-1: SINGLE (Line Drive, 6MD)
Pitching: RHP Rod Bakewell
Batting: RHB Marcus Wade 0-0: Ball
1-0: Ball
2-0: Ball
3-0: Called Strike
3-1: Foul Ball, location: 2F
3-2: Grounds into double play, 6-4-3 (Groundball, 56)
Batting: RHB Sal Haynes 0-0: Ball
1-0: Ball
2-0: Foul Ball, location: 2F
2-1: Swinging Strike
2-2: Ground out 4-3 (Groundball, 4M)
Bottom of the 6th over - 0 run(s), 1 hit(s), 0 error(s), 0 left on base; Bagley 3 - Naperville 4
TOP OF THE 7TH
Bagley Loons batting - Pitching for Naperville Battlekings : RHP Jim Unknown
Batting: RHB Eddie O'Bryan 0-0: Ball
1-0: Ball
2-0: Ball
3-0: Called Strike
3-1: Base on Balls
Pitching: RHP Ramón Elizondo
Batting: RHB Javier Díaz 0-0: Sac Bunt - play at first, batter OUT! 5-4
Eddie O'Bryan to second
Pinch Hitting: LHB Rafael García 0-0: Ball
1-0: Called Strike
1-1: Ball
2-1: Ball
3-1: Swinging Strike
3-2: SINGLE (Line Drive, 4D)
Eddie O'Bryan to third
Batting: RHB Karl Schultz 0-0: Foul Ball, location: 2F
0-1: Foul Ball, location: 2F
0-2: Foul Ball, location: 2F
0-2: Ball
1-2: Ball
2-2: Grounds into double play, 6-4-3 (Groundball, 6)
Top of the 7th over - 0 run(s), 1 hit(s), 0 error(s), 1 left on base; Bagley 3 - Naperville 4
BOTTOM OF THE 7TH
Naperville Battlekings batting - Pitching for Bagley Loons : RHP Rod Bakewell
Now in LF: Charles Waller
Batting: SHB Carlos Kramer 0-0: Called Strike
0-1: SINGLE (Line Drive, 4MD)
Batting: RHB Wayne Bannatyne 0-0: Sac Bunt - play at first, batter OUT! 1-4
Carlos Kramer to second
Pinch Hitting: LHB Jim Unknown 0-0: Ball
1-0: 2-RUN HOME RUN (Flyball, 9LD), Distance : 332 ft
Pitching: RHP Jeremy Gutiérrez
Batting: LHB Cristo Ramírez 0-0: Ball
1-0: Ball
2-0: Foul Ball, location: 2F
2-1: Foul Ball, location: 2F
2-2: Fly out, F6 (Popup, 6MD)
Batting: RHB Carlos Gómez 0-0: Called Strike
0-1: Ball
1-1: Ball
2-1: Ball
3-1: Foul Ball, location: 2F
3-2: Strikes out looking
Bottom of the 7th over - 2 run(s), 2 hit(s), 0 error(s), 0 left on base; Bagley 3 - Naperville 6
TOP OF THE 8TH
Bagley Loons batting - Pitching for Naperville Battlekings : RHP Ramón Elizondo
Now in RF: Jim Unknown
Batting: RHB Nick Simmons 0-0: Ball
1-0: Called Strike
1-1: Called Strike
1-2: Ball
2-2: Strikes out swinging
Batting: RHB Todd Blake 0-0: Ball
1-0: Foul Ball, location: 2F
1-1: Ball
2-1: SINGLE (Groundball, 34D)
Batting: RHB Bill Dennis 0-0: Called Strike
0-1: Swinging Strike
0-2: Ball
1-2: Strikes out swinging
Batting: RHB Allen Murphy 0-0: Ball
1-0: SINGLE (Groundball, 25) (infield hit)
Todd Blake to second
Batting: RHB Jason Dunn 0-0: Fly out, F9 (Flyball, 9LD)
Top of the 8th over - 0 run(s), 2 hit(s), 0 error(s), 2 left on base; Bagley 3 - Naperville 6
BOTTOM OF THE 8TH
Naperville Battlekings batting - Pitching for Bagley Loons : RHP Jeremy Gutiérrez
Batting: RHB Joe Ferneyhough 0-0: Fly out, F8 (Flyball, 8LXD)
Batting: RHB Earnest Veeck 0-0: Foul Ball, location: 2F
0-1: Swinging Strike
0-2: Ball
1-2: Foul Ball, location: 2F
1-2: Ball
2-2: Strikes out swinging
Batting: RHB Marcus Wade 0-0: Ball
1-0: Ball
2-0: Ball
3-0: Base on Balls
Batting: RHB Sal Haynes 0-0: Called Strike
0-1: Ball
1-1: Called Strike
1-2: Strikes out swinging
Bottom of the 8th over - 0 run(s), 0 hit(s), 0 error(s), 1 left on base; Bagley 3 - Naperville 6
TOP OF THE 9TH
Bagley Loons batting - Pitching for Naperville Battlekings : RHP Ramón Elizondo
Pitching: LHP Fernando Castro
Batting: RHB Eddie O'Bryan 0-0: Ball
1-0: Ball
2-0: Foul Ball, location: 2F
2-1: Ball
3-1: Foul Ball, location: 2F
3-2: Strikes out swinging
Batting: RHB Javier Díaz 0-0: Swinging Strike
0-1: Ground out 6-3 (Groundball, 6)
Batting: SHB Charles Waller 0-0: Called Strike
0-1: Ball
1-1: Swinging Strike
1-2: Fly out, F8 (Flyball, 8RM)
Top of the 9th over - 0 run(s), 0 hit(s), 0 error(s), 0 left on base; Bagley 3 - Naperville 6
This league is powered by Out of the Park Baseball, the baseball management simulation game for PC, Mac and Linux
Saturday, July 25th, 2015 - OOTP Baseball 15.6 Build 34